 Dungeon Crawl Stone Soup version 0.31.0-11-ge490571c62 (webtiles) character file.

Game seed: 14911166673677328515

9 Goblin1989 the Sneak (level 2, -1/24 HPs)
             Began as a Demonspawn Delver on Feb 3, 2024.
             Slain by a black bear (7 damage)
             ... on level 5 of the Dungeon.
             The game lasted 00:04:09 (363 turns).

Goblin1989 the Sneak (Demonspawn Delver)             Turns: 363, Time: 00:04:10

Health: -1/24      AC:  3    Str: 12    XL:     2   Next: 3%
Magic:  2/2        EV: 11    Int: 10    God:
Gold:   32         SH:  0    Dex: 14    Spells: 1/1 levels left

rFire   . . .        a - +0 mace
rCold   . . .        (no shield)
rNeg    . . .        b - +0 leather armour
rPois   .            (no helmet)
rElec   .            (no cloak)
rCorr   .            (no gloves)
SInv    .            (no boots)
Will    .....        (no amulet)
Stlth   ++           (no ring)
HPRegen 0.24/turn    (no ring)
MPRegen 0.08/turn

%: no passive effects
@: no status effects
A: demonic magic 1
a: no special abilities


You were on level 5 of the Dungeon.
You visited 1 branch of the dungeon, and saw 1 of its levels.

You collected 32 gold pieces.

Inventory:

Hand Weapons
 a - a +0 mace (weapon)
Armour
 b - a +0 leather armour (worn)
Wands
 g - a wand of digging (3) {@v3}
Scrolls
 c - a scroll of fog
 d - a scroll of revelation
 e - a scroll of fear
 h - a scroll of identify {unknown}
 i - a scroll of teleportation {unknown}
Potions
 f - 2 potions of haste {@q3,}


   Skills:
 - Level 3.0 Fighting
 + Level 2.5 Maces & Flails
 - Level 1.7 Dodging
 - Level 4.5 Stealth


You had one spell level left.
You didn't know any spells.
Your spell library was empty.

Dungeon Overview and Level Annotations

Branches:
Dungeon (5/15) Zot: 5633
 Temple: D:4-7

Altars:

Annotations:
D:5 1 runed translucent door, exclusions: howler monkey, ice beast and jackal, Sora's ghost, novice DsGl


Innate Abilities, Weirdness & Mutations

Spells you cast may paralyse adjacent enemies.


Message History

Bad monster_list_colour key: strict_neutral Options error: Unknown explore stop condition 'gates' (Goblin1989.rc:83) Welcome, Goblin1989 the Demonspawn Delver.
The splendid Orb of Zot lies far below, as if waiting for you to find it.
Press ? for a list of commands and other information.
Found a dagger.
Found a stone staircase leading down.
Found a potion of haste.
Found 9 gold pieces.
f - 2 potions of haste {@q3,} (gained 1)
Found 12 gold pieces.
You now have 9 gold pieces.
You now have 21 gold pieces (gained 12).
Found a scroll labelled TUEHA SOATITWI.
Found 11 gold pieces.
h - a scroll labelled TUEHA SOATITWI
Found a white potion.
Found a runed translucent door.
Found a scroll labelled ISIDOQ EWAMP.
Sora's ghost turns its malevolent gaze towards you.
You now have 32 gold pieces (gained 11).
An ice beast comes into view.
Press: ? - help, v - describe, . - travel The floor.
Found a stone staircase leading down.
There is a stone staircase leading down here.
A jackal and a howler monkey come into view.
Sora's ghost flicks its blade from hand to hand, faster than the eye can follow.
An adder comes into view.
The adder hisses angrily.
Unknown command.
You barely miss the adder. The adder bites you but does no damage.
The adder bites you.
You take 2 damage, and have 16/18 hp.
You thump the adder!
The adder is almost dead.
The adder bites you. The adder bites you but does no damage.
You take 3 damage, and have 13/18 hp.
You closely miss the adder.
The adder is almost dead.
The adder bites you but does no damage.
You closely miss the adder.
The adder is almost dead.
The adder bites you. The adder completely misses you.
You take 1 damage, and have 12/18 hp.
You sock the adder!
You kill the adder!
Your Maces & Flails skill increases to level 2!
You have reached level 2!
Your demonic ancestry asserts itself...
A menacing aura infuses your magic.
You regained 5 hp, and now have 17/24 hp.
MP restored: 2 You start resting.
HP restored.
Health restored: 24
Found a scroll labelled SUNLURESHE.
i - a scroll labelled SUNLURESHE An ice beast comes into view.
A black bear comes into view.
The black bear moves out of view.
The black bear growls angrily.
Found a book of Vapours.
The black bear closely misses you.
The black bear claws you but does no damage.
The black bear closely misses you.
You hit the black bear but do no damage.
The black bear bites you but does no damage.
The black bear barely misses you. The black bear claws you.
You take 2 damage, and have 22/24 hp.
You hit the black bear.
The black bear is lightly wounded.
The black bear bites you. The black bear claws you.
The black bear claws you but does no damage.
The black bear bites you.
The black bear claws you but does no damage. x2
You take 7 damage, and have 15/24 hp.
MASSIVE DAMAGE!!
You hit the black bear but do no damage.
The black bear is lightly wounded.
The black bear bites you. The black bear claws you.
* * * LOW HITPOINT WARNING * * *
The black bear claws you but does no damage.
You take 5 damage, and have 10/24 hp.
MASSIVE DAMAGE!!
You hit the black bear.
The black bear is moderately wounded.
The black bear misses you. The black bear claws you.
* * * LOW HITPOINT WARNING * * *
The black bear claws you.
* * * LOW HITPOINT WARNING * * *
You take 4 damage, and have 6/24 hp.
You sock the black bear!
The black bear is heavily wounded.
The black bear bites you!
You die...

█.......█
██.......█
█........█
█........
█........
█.......█
█.....h.██
█......@.██
██........█
█...█
█..:...█Y██
....█
██....███.██
██...█ ██...
██.██ █...█
██.. ██.██
██...█ ███
█..███...████
██..██..██...
██........██


You could see a black bear and an ice beast.

Vanquished Creatures
  An adder (D:5)
1 creature vanquished.

Notes
Turn   | Place    | Note
-------+----------+-------------------------------------------
     0 | D:5      | Goblin1989 the Demonspawn Delver began the quest for the
                  | Orb.
     0 | D:5      | Reached XP level 1. HP: 18/18 MP: 1/1
    64 | D:5      | Found a runed translucent door.
    64 | D:5      | Noticed Sora's ghost (novice DsGl)
    74 | D:5      | Noticed an ice beast
   133 | D:5      | Noticed a howler monkey
   195 | D:5      | Gained mutation: Spells you cast may paralyse adjacent
                  | enemies. [demonic ancestry]
   195 | D:5      | Reached XP level 2. HP: 17/24 MP: 2/2
   303 | D:5      | Noticed an ice beast
   354 | D:5      | Noticed a black bear
   363 | D:5      | Slain by a black bear

Illustrated notes

Levels and vault maps discovered:
D:5:      layout_cave_pods, hellmonk_ghost_happy_afterlife,
          uniq_crazy_yiuf_cottage, uniq_blork_the_orc, uniq_ijyb

Skill      XL: |  1 |
---------------+----+-----
Maces & Flails | 2 |  2.5
Fighting       | |  3.0
Dodging        | |  1.7
Stealth        | |  4.5

Action                     || total
---------------------------++-------
  Melee: Mace              ||    10
 Armour: Leather armour    ||    21
  Dodge: Dodged            ||     5
